 Dungeon Crawl Stone Soup version 0.32-a0-799-g95e1662365 (webtiles) character file.

Game seed: 6973961940631847491

419 backslashecho the Slasher (level 6, 0/39 HPs)
             Began as a Tengu Monk on Mar 22, 2024.
             Slain by an iguana (12 damage)
             ... on level 4 of the Dungeon.
             The game lasted 00:03:50 (3221 turns).

backslashecho the Slasher (Tengu Monk)              Turns: 3221, Time: 00:03:51

Health: 0/39       AC:  2    Str: 11    XL:     6   Next: 93%
Magic:  7/7        EV: 14    Int: 10    God:
Gold:   187        SH:  0    Dex: 19    Spells: 5/5 levels left

rFire   . . .        a - +0 falchion
rCold   . . .        d - orb {light}
rNeg    . . .        b - +0 robe
rPois   .            (helmet restricted)
rElec   .            (no cloak)
rCorr   .            (no gloves)
SInv    .            (boots unavailable)
Will    .....        (no amulet)
Stlth   +            (no ring)
HPRegen 0.26/turn    (no ring)
MPRegen 0.10/turn

%: acrobat
@: glowing
A: beak, talons 3, acrobatic
a: no special abilities


You were on level 4 of the Dungeon.
You visited 1 branch of the dungeon, and saw 4 of its levels.

You collected 187 gold pieces.

Inventory:

Hand Weapons
 a - a +0 falchion (weapon)
Missiles
 k - 3 darts of dispersal (quivered)
Armour
 b - a +0 robe (worn)
 d - an orb of light (worn)
Jewellery
 n - an amulet of reflection
Scrolls
 e - 2 scrolls of identify {unknown}
 g - a scroll of fear {unknown}
 i - 3 scrolls of teleportation {unknown}
 j - a scroll of noise {unknown}
 l - a scroll of fog {unknown}
 p - a scroll of enchant armour {unknown}
Potions
 c - 2 potions of ambrosia
 f - a potion of haste {unknown}
 h - 2 potions of attraction {unknown}
 m - a potion of mutation {unknown}
 o - a potion of curing {unknown}
 q - a potion of berserk rage {unknown}


   Skills:
 + Level 4.5 Fighting
 * Level 6.2 Long Blades
 + Level 5.0 Dodging


You had 5 spell levels left.
You didn't know any spells.
Your spell library was empty.

Dungeon Overview and Level Annotations

Branches:
Dungeon (4/15)
 Temple: D:4-7

Altars:
Uskayaw
Vehumet

Annotations:
D:2 1 runed translucent door, 1 exclusion, Crazy Yiuf


Innate Abilities, Weirdness & Mutations

You have a beak for a mouth.
You have claws for feet.
You can magically evade attacks while moving or waiting.


Message History

You take 1 damage, and have 38/39 hp.
You hit the endoplasm. You claw the endoplasm.
You kill the endoplasm!
Health restored: 39 You hit the kobold but do no damage.
You claw the kobold.
You kill the kobold!
No target in view!
Things that are here:
a +0 short sword; 5 stones
Things that are here:
a +0 club; a goblin corpse An adder comes into view.
The adder hisses angrily.
An adder is nearby!
A hobgoblin comes into view.
The hobgoblin shouts!
You barely miss the adder. Your kick misses the adder.
Your peck misses the adder. The adder closely misses you.
You barely miss the adder. You claw the adder, but do no damage.
You peck the adder.
The adder is lightly wounded.
The adder bites you but does no damage. The adder closely misses you.
You hit the adder. You claw the adder.
You kill the adder!
An orc priest comes into view. It is wielding a +0 dagger.
You slash the hobgoblin!
You kill the hobgoblin!
Found a chain mail.
The orc priest calls down the wrath of Beogh upon you.
Pain shoots through your body!
An orc comes into view. It is wielding a +0 club.
You take 3 damage, and have 36/39 hp.
The orc shouts!
You hit the orc priest but do no damage.
You peck the orc priest, but do no damage.
The orc priest hits you with a +0 dagger.
You take 4 damage, and have 32/39 hp.
You hit the orc priest. Your kick misses the orc priest.
You peck the orc priest.
The orc priest is heavily wounded.
The orc priest barely misses you.
You hit the orc priest but do no damage.
You peck the orc priest.
The orc priest is severely wounded.
An orc comes into view. It is wielding a +0 mace.
The orc priest mumbles some strange prayers to Beogh against you.
Beogh smites you!
The orc priest threatens, "Beogh's wrath is as vast as their mercy.
Make your choice!" (press Y on the ability menu to convert to Beogh)
You take 11 damage, and have 21/39 hp.
MASSIVE DAMAGE!!
The orc shouts!
You hit the orc priest.
The orc priest shouts, "The Pantheon deserves no one's loyalty.
Let us show you the true path!"
The orc priest is almost dead.
The orc priest hits you with a +0 dagger.
You take 1 damage, and have 20/39 hp.
You hit the orc priest.
You kill the orc priest!
Your Dodging skill increases to level 5!
You hit the orc. You claw the orc. Your peck misses the orc.
The orc is heavily wounded.
An orc comes into view. It is wielding a +0 dagger.
The orc barely misses you. The orc attacks as it pursues you!
The orc completely misses you.
You slash the orc!
You kill the orc!
You see here a +0 club.
You hit the orc. You claw the orc.
You kill the orc!
Things that are here:
a +0 mace; a +0 club An iguana comes into view.
The iguana hisses angrily.
You see here 8 gold pieces.
Health restored: 39 An iguana is nearby!
You now have 187 gold pieces (gained 8).
Found a hide-covered altar of Uskayaw.
You barely miss the iguana. The iguana bites you!
You take 12 damage, and have 27/39 hp.
MASSIVE DAMAGE!!
You hit the iguana. Your peck misses the iguana.
The iguana is moderately wounded.
The iguana closely misses you.
You hit the iguana. You claw the iguana.
The iguana is severely wounded.
The iguana bites you.
You take 6 damage, and have 21/39 hp.
You hit the iguana. You claw the iguana, but do no damage.
The iguana is almost dead.
The iguana bites you!
* * * LOW HITPOINT WARNING * * *
You take 10 damage, and have 11/39 hp.
MASSIVE DAMAGE!!
You are too injured to fight recklessly!
You hit the iguana but do no damage. You claw the iguana, but do no damage.
The iguana is almost dead.
The iguana misses you.
You hit the iguana but do no damage.
The iguana is almost dead.
The iguana bites you!
You die...

#≈≈...≈≈##.###
#≈.....≈##...# ###
#.≈.≈.≈.####.#####....
#.......# #.........##
#.≈...≈.# ##..........
#.≈...≈.# #.........#
#..≈.≈..# #.........#
#≈.≈.≈.≈# #........#
#≈....@≈#####........#
#≈....l≈#............#
##..≈..##.######.######
#≈.≈.≈##)# ####.....#.
#≈.≈.≈##.# #....###.#.
#≈...≈##.######.###.#.
#.._..##.#....#o......
########+##.....###...
#............##....


You could see an iguana.

Vanquished Creatures
  A centaur (D:3)
  A scorpion (D:4)
  2 bombardier beetles
  An orc priest (D:4)
  A hound (D:4)
  5 adders
  4 dart slugs
  A ribbon worm (D:2)
  7 orcs
  6 bats
  6 endoplasms
  5 giant cockroaches
  9 goblins
  8 hobgoblins
  4 jackals
  2 quokkas (D:1)
  8 ball pythons
  2 frilled lizards (D:3)
  11 kobolds
  8 rats
92 creatures vanquished.

Notes
Turn   | Place    | Note
-------+----------+-------------------------------------------
     0 | D:1      | backslashecho the Tengu Monk began the quest for the Orb.
     0 | D:1      | Reached XP level 1. HP: 14/14 MP: 2/2
   236 | D:1      | Reached XP level 2. HP: 13/19 MP: 3/3
   568 | D:1      | Reached XP level 3. HP: 23/23 MP: 4/4
   618 | D:1      | Reached skill level 4 in Long Blades
  1146 | D:2      | Reached XP level 4. HP: 26/28 MP: 5/5
  1456 | D:2      | Found a runed translucent door.
  1457 | D:2      | Noticed Crazy Yiuf
  1975 | D:3      | Found a radiant altar of Vehumet.
  2044 | D:3      | Reached XP level 5. HP: 33/33 MP: 6/6
  2249 | D:3      | Reached skill level 5 in Long Blades
  2393 | D:3      | Noticed a centaur
  2407 | D:3      | Killed a centaur
  2408 | D:3      | Reached XP level 6. HP: 18/38 MP: 7/7
  2987 | D:4      | Reached skill level 6 in Long Blades
  3114 | D:4      | Reached skill level 5 in Dodging
  3214 | D:4      | Found a hide-covered altar of Uskayaw.
  3221 | D:4      | Slain by an iguana

Illustrated notes

Levels and vault maps discovered:
D:1:      evilmike_arrival_hilbert_curve, layout_loops_corners, moated_statue
D:2:      layout_rooms, uniq_crazy_yiuf_cottage
D:3:      layout_loops_corners, mainiacjoe_overflow_paths
D:4:      layout_basic, nicolae_uskayaw_suspiria

Skill      XL: |  1  2  3  4  5  6 |
---------------+-------------------+-----
Long Blades    | 4 5 6 |  6.2
Dodging        | 4 5 |  5.0
Fighting       | 4 |  4.5

Action                     |  1- 3 |  4- 6 || total
---------------------------+-------+-------++-------
  Melee: Falchion          |    80 |   120 ||   200
         Kick              |    19 |    43 ||    62
         Peck              |    15 |    23 ||    38
 Armour: Robe              |    30 |    53 ||    83
  Dodge: Dodged            |    79 |   120 ||   199

Table legend: (Time is in decaauts)
 A = Elapsed time spent in this place.
 B = Non-inter-level travel time spent in this place.
 C = Inter-level travel time spent in this place.
 D = Time resting spent in this place.
 E = Time spent auto-exploring this place.
 F = Levels seen in this place.
 G = Mean time per level.
                   A        B        C        D        E       F      G
               +--------+--------+--------+--------+--------+-----+--------+
         Total |   3236 |   3104 |    132 |     44 |   2396 |   4 |  809.0 |
       Dungeon |   3236 |   3104 |    132 |     44 |   2396 |   4 |  809.0 |
               +--------+--------+--------+--------+--------+-----+--------+

Top non-repeatable levels by time:
     D:1: 1048 daAuts
     D:3: 1043 daAuts
     D:2: 641 daAuts
     D:4: 503 daAuts
